General information
- name: BNet
- type: Ladder team game (AT/RT)
- host: Battle.net
- saver: lllove
map: FullScaleAssault
- players: 8
- length: 19:35
- speed: Fast
- version: 1.26 W3XP
- replay type: Public
» download(139 KB)
Players
team 1 (winner)
lllove (
orange | 57 APM | 1122 actions | 19:35)
7 Blood Mage
3 Flame Strike
2 Siphon Mana
1 Summon Phoenix
1 Banish
» actions
| Assign group hotkey | 44 | |
| Basic commands | 15 | |
| Build / train | 76 | |
| Enter build submenu | 42 | |
| Enter hero's abilities submenu | 7 | |
| Give item / drop item | 4 | |
| Right click | 401 | |
| Select / deselect | 268 | |
| Select group hotkey | 146 | |
| Use ability | 119 | |
1122 total
» units
| Peasant | 12 | |
| Footman | 7 | |
| Goblin Shredder | 1 | |
| Sorceress | 4 | |
| Goblin Sapper | 2 | |
26 total
» upgrades
| Masonry | 2 | |
| Sorceress Training | 1 | |
| Magic Sentry | 1 | |
4 total
» buildings
| Altar of Kings | 1 | |
| Barracks | 1 | |
| Farm | 5 | |
| Scout Tower | 30 | |
| Arcane Tower | 1 | |
| Keep | 1 | |
| Lumber Mill | 1 | |
| Arcane Vault | 1 | |
| Town Hall | 1 | |
| Arcane Sanctum | 1 | |
| Guard Tower | 7 | |
| Castle | 1 | |
| Spirit Tower | 1 | |
52 total
» build order
00:35 Altar of Kings
00:36 Barracks
00:49 Farm
00:50 Farm
01:04 Farm
01:17 Farm
01:33 Farm
02:26 Scout Tower
03:02 Arcane Tower
03:30 Keep
04:06 Lumber Mill
04:16 Arcane Vault
05:00 Town Hall
05:17 Scout Tower
05:19 Scout Tower
05:26 Scout Tower
05:28 Scout Tower
06:44 Arcane Sanctum
06:49 Guard Tower
07:07 Scout Tower
07:07 Scout Tower
07:29 Scout Tower
07:32 Guard Tower
07:37 Scout Tower
08:35 Guard Tower
10:02 Scout Tower
10:03 Scout Tower
10:03 Scout Tower
10:03 Scout Tower
10:24 Scout Tower
10:24 Scout Tower
10:38 Scout Tower
10:41 Scout Tower
11:43 Guard Tower
13:21 Guard Tower
13:23 Castle
13:26 Scout Tower
13:26 Scout Tower
13:26 Scout Tower
13:27 Scout Tower
13:27 Scout Tower
13:27 Scout Tower
13:29 Scout Tower
13:29 Scout Tower
13:29 Scout Tower
13:58 Guard Tower
15:18 Guard Tower
17:27 Spirit Tower
» items
| Mechanical Critter | 5 | |
| Scroll of Regeneration | 3 | |
| Boots of Speed | 1 | |
| Staff of Teleportation | 1 | |
| Periapt of Vitality | 1 | |
| Potion of Invisibility | 5 | |
| Potion of Mana | 4 | |
| Lesser Clarity Potion | 3 | |
| Scroll of Town Portal | 2 | |
25 total
Swozzarde (
red | 54 APM | 325 actions | 06:00)
2 Goblin Alchemist
1 Chemical Rage
1 Healing Spray
» actions
| Assign group hotkey | 12 | |
| Basic commands | 12 | |
| Build / train | 17 | |
| Enter build submenu | 6 | |
| Enter hero's abilities submenu | 2 | |
| Right click | 139 | |
| Select / deselect | 119 | |
| Select group hotkey | 6 | |
| Use ability | 12 | |
325 total
» units
» buildings
| Crypt | 1 | |
| Ziggurat | 2 | |
| Altar of Darkness | 1 | |
| Tomb of Relics | 1 | |
| Halls of the Dead | 3 | |
| Graveyard | 1 | |
| Black Citadel | 3 | |
12 total
» build order
00:39 Crypt
00:45 Ziggurat
00:58 Altar of Darkness
01:47 Tomb of Relics
01:53 Ziggurat
03:10 Halls of the Dead
03:10 Halls of the Dead
04:47 Graveyard
05:36 Black Citadel
05:36 Black Citadel
noonesearching (
green | 131 APM | 2569 actions | 19:33)
6 Archmage
3 Summon Water Elemental
2 Brilliance Aura
1 Mass Teleport
4 Goblin Alchemist
1 Chemical Rage
2 Healing Spray
1 Transmute
4 Blood Mage
2 Flame Strike
2 Siphon Mana
» actions
| Assign group hotkey | 60 | |
| Basic commands | 96 | |
| Build / train | 138 | |
| ESC pressed | 4 | |
| Enter build submenu | 59 | |
| Enter hero's abilities submenu | 14 | |
| Right click | 674 | |
| Select / deselect | 657 | |
| Select group hotkey | 762 | |
| Use ability | 105 | |
2569 total
» units
| Peasant | 17 | |
| Footman | 9 | |
| Ghoul | 2 | |
| Priest | 4 | |
| Sorceress | 3 | |
| Frost Wyrm | 7 | |
| Acolyte | 5 | |
| Mortar Team | 5 | |
| Spell Breaker | 4 | |
| Flying Machine | 11 | |
67 total
» upgrades
| Masonry | 2 | |
| Creature Attack | 3 | |
| Creature Carapace | 2 | |
| Lumber Harvesting | 2 | |
| Ghoul Frenzy | 1 | |
| Fragmentation Shards | 1 | |
| Sorceress Training | 3 | |
| Priest Training | 2 | |
| Magic Sentry | 1 | |
| Gunpowder | 2 | |
| Freezing Breath | 1 | |
| Flare | 1 | |
| Flak Cannons | 1 | |
| Plating | 1 | |
23 total
» buildings
| Altar of Kings | 1 | |
| Farm | 20 | |
| Barracks | 1 | |
| Town Hall | 1 | |
| Scout Tower | 4 | |
| Arcane Tower | 3 | |
| Keep | 2 | |
| Lumber Mill | 1 | |
| Arcane Vault | 2 | |
| Blacksmith | 1 | |
| Guard Tower | 2 | |
| Sacrificial Pit | 1 | |
| Arcane Sanctum | 2 | |
| Castle | 1 | |
| Boneyard | 3 | |
| Workshop | 2 | |
| Ziggurat | 10 | |
| Necropolis | 1 | |
58 total
» build order
00:06 Altar of Kings
00:19 Farm
00:21 Barracks
00:49 Farm
01:47 Farm
03:12 Town Hall
03:17 Scout Tower
03:45 Arcane Tower
04:05 Arcane Tower
05:09 Keep
05:12 Lumber Mill
05:15 Arcane Vault
05:16 Scout Tower
05:33 Scout Tower
05:39 Blacksmith
05:40 Scout Tower
06:28 Guard Tower
07:07 Sacrificial Pit
07:33 Arcane Sanctum
07:35 Arcane Sanctum
07:36 Castle
07:39 Farm
08:04 Boneyard
08:12 Boneyard
08:20 Workshop
08:40 Ziggurat
08:49 Boneyard
08:51 Ziggurat
08:51 Ziggurat
09:10 Farm
10:13 Arcane Tower
10:15 Workshop
11:06 Farm
11:07 Farm
11:08 Farm
11:29 Farm
11:41 Farm
11:58 Ziggurat
12:00 Ziggurat
12:00 Ziggurat
12:02 Ziggurat
12:35 Necropolis
14:20 Ziggurat
14:22 Ziggurat
14:22 Ziggurat
16:30 Farm
16:43 Farm
16:44 Farm
16:45 Farm
17:01 Arcane Vault
17:21 Farm
17:46 Farm
17:48 Farm
17:49 Farm
17:50 Farm
17:51 Farm
» items
Dethstalker (
teal | 29 APM | 559 actions | 19:33)
4 Death Knight
2 Death Coil
2 Unholy Aura
2 Lich
1 Frost Nova
1 Frost Armor
» actions
| Assign group hotkey | 17 | |
| Basic commands | 61 | |
| Build / train | 50 | |
| Enter build submenu | 17 | |
| Enter hero's abilities submenu | 6 | |
| Give item / drop item | 4 | |
| Right click | 63 | |
| Select / deselect | 135 | |
| Select group hotkey | 173 | |
| Use ability | 33 | |
559 total
» units
| Acolyte | 8 | |
| Ghoul | 3 | |
| Crypt Fiend | 5 | |
| Frost Wyrm | 5 | |
21 total
» upgrades
| Web | 1 | |
| Burrow | 1 | |
| Creature Attack | 3 | |
| Creature Carapace | 3 | |
| Ghoul Frenzy | 1 | |
| Freezing Breath | 1 | |
10 total
» buildings
| Ziggurat | 6 | |
| Altar of Darkness | 1 | |
| Crypt | 1 | |
| Graveyard | 1 | |
| Tomb of Relics | 2 | |
| Nerubian Tower | 1 | |
| Halls of the Dead | 1 | |
| Necropolis | 1 | |
| Spirit Tower | 4 | |
| Black Citadel | 1 | |
| Sacrificial Pit | 1 | |
| Boneyard | 2 | |
22 total
» build order
00:10 Ziggurat
00:14 Altar of Darkness
00:34 Crypt
00:58 Graveyard
01:14 Ziggurat
02:16 Tomb of Relics
02:24 Ziggurat
02:53 Nerubian Tower
05:28 Halls of the Dead
05:51 Necropolis
06:05 Ziggurat
06:19 Ziggurat
06:36 Ziggurat
07:13 Spirit Tower
07:23 Spirit Tower
07:55 Black Citadel
08:06 Spirit Tower
08:30 Sacrificial Pit
10:07 Spirit Tower
10:36 Boneyard
10:39 Boneyard
11:08 Tomb of Relics
» items
| Sacrificial Skull | 1 | |
| Orb of Corruption | 1 | |
| Scroll of Town Portal | 2 | |
4 total
team 2 (loser)
blockchain (
purple | 68 APM | 1275 actions | 18:51)
4 Mountain King
2 Storm Bolt
2 Bash
2 Paladin
1 Holy Light
1 Divine Shield
2 Blood Mage
1 Banish
1 Flame Strike
2 Death Knight
2 Unholy Aura
» actions
| Assign group hotkey | 29 | |
| Basic commands | 77 | |
| Build / train | 75 | |
| ESC pressed | 1 | |
| Enter build submenu | 27 | |
| Enter hero's abilities submenu | 10 | |
| Give item / drop item | 4 | |
| Remove unit from queue | 5 | |
| Right click | 340 | |
| Select / deselect | 225 | |
| Select group hotkey | 439 | |
| Use ability | 43 | |
1275 total
» units
| Peasant | 28 | |
| Footman | 3 | |
| Goblin Shredder | 1 | |
| Gryphon Rider | 9 | |
| Dragonhawk Rider | 1 | |
42 total
» upgrades
| Lumber Harvesting | 1 | |
| Swords | 3 | |
| Storm Hammers | 1 | |
| Cloud | 1 | |
| Armor | 3 | |
| Animal War Training | 1 | |
10 total
» buildings
| Altar of Kings | 1 | |
| Barracks | 1 | |
| Farm | 10 | |
| Lumber Mill | 1 | |
| Keep | 1 | |
| Arcane Vault | 1 | |
| Blacksmith | 1 | |
| Castle | 1 | |
| Gryphon Aviary | 3 | |
| Town Hall | 2 | |
| Scout Tower | 2 | |
| Guard Tower | 1 | |
25 total
» build order
00:14 Altar of Kings
00:22 Barracks
00:51 Farm
01:06 Farm
01:46 Farm
02:05 Lumber Mill
03:02 Keep
03:07 Farm
04:22 Farm
04:27 Arcane Vault
05:04 Blacksmith
05:11 Farm
05:25 Castle
06:13 Gryphon Aviary
06:38 Gryphon Aviary
07:23 Farm
07:29 Farm
08:10 Town Hall
08:58 Town Hall
09:41 Farm
11:03 Farm
11:51 Scout Tower
11:54 Scout Tower
12:17 Gryphon Aviary
12:28 Guard Tower
» items
Kirby(0_o)Ss (
yellow | 70 APM | 1361 actions | 19:33)
5 Death Knight
3 Death Coil
2 Unholy Aura
» actions
| Assign group hotkey | 3 | |
| Basic commands | 138 | |
| Build / train | 105 | |
| Enter build submenu | 26 | |
| Enter hero's abilities submenu | 6 | |
| Give item / drop item | 2 | |
| Remove unit from queue | 5 | |
| Right click | 532 | |
| Select / deselect | 472 | |
| Select group hotkey | 7 | |
| Use ability | 64 | |
1361 total
» units
| Acolyte | 17 | |
| Ghoul | 5 | |
| Crypt Fiend | 18 | |
| Necromancer | 8 | |
| Abomination | 7 | |
| Gargoyle | 1 | |
56 total
» upgrades
| Creature Attack | 2 | |
| Creature Carapace | 2 | |
| Necromancer Training | 2 | |
| Skeletal Longevity | 1 | |
| Unholy Strength | 1 | |
| Web | 2 | |
| Skeletal Mastery | 1 | |
| Burrow | 1 | |
| Unholy Armor | 2 | |
| Disease Cloud | 1 | |
15 total
» buildings
| Altar of Darkness | 1 | |
| Ziggurat | 11 | |
| Crypt | 1 | |
| Graveyard | 1 | |
| Tomb of Relics | 1 | |
| Halls of the Dead | 2 | |
| Black Citadel | 4 | |
| Temple of the Damned | 2 | |
| Slaughterhouse | 1 | |
| Nerubian Tower | 2 | |
| Sacrificial Pit | 1 | |
27 total
» build order
00:21 Altar of Darkness
00:22 Ziggurat
00:42 Crypt
00:58 Graveyard
01:20 Ziggurat
02:03 Tomb of Relics
02:41 Ziggurat
05:51 Halls of the Dead
06:14 Black Citadel
06:16 Ziggurat
07:01 Temple of the Damned
07:42 Temple of the Damned
08:12 Slaughterhouse
08:20 Ziggurat
10:46 Ziggurat
10:47 Ziggurat
11:44 Nerubian Tower
11:46 Black Citadel
11:46 Black Citadel
12:19 Sacrificial Pit
13:27 Ziggurat
13:28 Ziggurat
13:28 Ziggurat
13:30 Ziggurat
» items
Diplomatlcus (
blue | 12 APM | 74 actions | 06:00)
» actions
| Build / train | 8 | |
| Enter build submenu | 7 | |
| Right click | 22 | |
| Select / deselect | 31 | |
| Use ability | 6 | |
74 total
» units
» buildings
| Crypt | 1 | |
| Ziggurat | 2 | |
| Altar of Darkness | 1 | |
| Halls of the Dead | 2 | |
| Graveyard | 1 | |
| Nerubian Tower | 1 | |
8 total
» build order
00:28 Crypt
00:30 Ziggurat
01:12 Altar of Darkness
01:27 Ziggurat
03:52 Halls of the Dead
03:52 Halls of the Dead
03:57 Graveyard
03:59 Nerubian Tower
poop-puff (
pink | 75 APM | 1388 actions | 18:35)
4 Blademaster
2 Wind Walk
2 Critical Strike
2 Shadow Hunter
1 Hex
1 Healing Wave
1 Tauren Chieftain
1 War Stomp
» actions
| Assign group hotkey | 21 | |
| Basic commands | 13 | |
| Build / train | 53 | |
| ESC pressed | 2 | |
| Enter build submenu | 21 | |
| Enter hero's abilities submenu | 7 | |
| Right click | 406 | |
| Select / deselect | 268 | |
| Select group hotkey | 513 | |
| Use ability | 84 | |
1388 total
» units
| Peon | 13 | |
| Grunt | 3 | |
| Shaman | 6 | |
| Tauren | 4 | |
26 total
» upgrades
| Armor | 1 | |
| Melee Weapons | 1 | |
| Shaman Training | 2 | |
| Pulverize | 1 | |
5 total
» buildings
| Altar of Storms | 1 | |
| Orc Burrow | 10 | |
| Barracks | 1 | |
| Voodoo Lounge | 1 | |
| Stronghold | 1 | |
| War Mill | 1 | |
| Great Hall | 2 | |
| Fortress | 1 | |
| Spirit Lodge | 1 | |
| Tauren Totem | 2 | |
| Watch Tower | 1 | |
22 total
» build order
00:08 Altar of Storms
00:09 Orc Burrow
00:42 Barracks
01:45 Orc Burrow
02:18 Voodoo Lounge
03:46 Stronghold
04:16 Orc Burrow
04:34 War Mill
05:14 Great Hall
06:55 Fortress
06:57 Spirit Lodge
09:32 Tauren Totem
09:35 Tauren Totem
10:56 Watch Tower
11:50 Orc Burrow
12:12 Orc Burrow
12:29 Great Hall
12:45 Orc Burrow
13:16 Orc Burrow
13:39 Orc Burrow
14:13 Orc Burrow
14:51 Orc Burrow
» items
| Healing Salve | 6 | |
| Lesser Clarity Potion | 2 | |
| Scroll of Town Portal | 1 | |
| Orb of Lightning | 1 | |
10 total
Chat log
(00:07 / Allies) noonesearching: g
(00:10 / All) noonesearching: gl hf
(00:15 / All) Kirby(0_o)Ss: gl m8
(00:22 / Allies) lllove: well at least no afk/leavers this side... so far
(06:00 / All) lllove: hmmm
(06:07 / Allies) Dethstalker: gg
(11:38 / All) blockchain: lol nice
(17:02 / Allies) lllove: they have no gold
(17:06 / Allies) lllove: tower up green
(17:25 / Allies) Dethstalker: we lost
(17:26 / Allies) Dethstalker: gg
(17:31 / Allies) lllove: no we havn't dude!
(17:34 / Allies) lllove: they have no gold!
(17:34 / Allies) Dethstalker: oj isnt gettin units hes fukin off
(17:42 / Allies) Dethstalker: goolduck im out
(17:46 / Allies) lllove: imbecile
(17:46 / Allies) Dethstalker: oj d8ikkinaorund
(17:49 / Allies) lllove: wow
(17:56 / Allies) lllove: AT LEAST FIGHT AT GREEN
(18:00 / Allies) Dethstalker: gg
(18:02 / Allies) lllove: TP
(18:07 / Allies) Dethstalker: 33 food
(18:07 / Allies) lllove: tp teal
(18:09 / Allies) lllove: tp teal
(18:09 / Allies) Dethstalker: we lose
(18:10 / Allies) lllove: tp teal
(18:10 / Allies) lllove: tp tela
(18:15 / Allies) lllove: AT LEAST FIGHT THIS BATTLe
(18:17 / Allies) lllove: OR LEAVE PLEASE
(18:24 / Allies) lllove: TP MAN
(18:26 / Allies) lllove: TP MAN
(18:28 / Allies) lllove: EW WIN IF YOU TP
(18:35 / Allies) Dethstalker: maybe if u had units instead of fukin off
(18:38 / Allies) lllove: LOOK
(18:44 / Allies) lllove: T P AND WE WIN
(18:49 / Allies) lllove: TP AND WE WIN
(18:52 / Allies) lllove: HIT TOP
(19:17 / All) Kirby(0_o)Ss: gg
(19:20 / All) noonesearching: gg
(19:22 / All) lllove: LOL
(19:24 / All) Kirby(0_o)Ss: 1 hero win.